Cogmind - Beta 15 @@@ ROGUE MODE // 2025.06.06 @ 18:27:22 Player: Stick8ug Result: Self-destructed Performance ------------- Evolutions (1) 500 Regions Visited (3) 600 Robots Destroyed (28) 140 Value Destroyed (583) 583 Prototype IDs (0) 0 Alien Tech Used (0) 0 Bonus (0) 0 TOTAL SCORE: 1823 Bonus ------- None Cogmind --------- Core Integrity 1/400 Matter 215/300 Energy 6/100 System Corruption 14% Temperature Cool (27) Movement Core (100) Ox1 Location -9/Storage Parts ------- > --- POWER (1) -------- (None) > --- PROPULSION (3) --- (None) > --- UTILITY (3) ------ Medium Storage Unit Weight Redist. System ECM Suite > --- WEAPON (2) ------- Light Assault Rifle > --- INVENTORY (10) --- Light Ion Engine Light Ion Engine Hover Unit Peak State ------------ > --- POWER ------------ Light Ion Engine > --- PROPULSION ------- Hover Unit Hover Unit Hover Unit > --- UTILITY ---------- Improved Heat Sink Medium Storage Unit Medium Armor Plating > --- WEAPON ----------- Heavy Assault Rifle Grenade Launcher > --- INVENTORY -------- Light Ion Engine Compact Wheel Hover Unit Small Storage Unit Weight Redist. System ECM Suite Medium Laser Datajack Mining Laser [Rating: 14] Favorites ----------- Power Light Ion Engine Engine Light Ion Engine Propulsion Hover Unit Leg Aluminum Leg Wheel Compact Wheel Hover Unit Hover Unit Utility Improved Heat Sink Device Improved Heat Sink Storage Small Storage Unit Protection Medium Armor Plating Weapon Heavy Assault Rifle Energy Gun EM Pulse Gun Ballistic Gun Heavy Assault Rifle Launcher Grenade Launcher Special Weapon Mining Laser Special Melee Weapon Datajack Build | -11 -10 -9 -9 ------- Run | Yrd Mat Mat Sto Slots Evolved 2 | . . 2 . Power . | . . . . Propulsion 1 | . . 1 . Utility 1 | . . 1 . Weapon . | . . . . Parts Attached 30 | 6 4 3 17 Power 3 | 1 . . 2 Engine 3 | 1 . . 2 Core . | . . . . Reactor . | . . . . Propulsion 9 | 2 2 2 3 Treads . | . . . . Leg 2 | 2 . . . Wheel 3 | . . . 3 Hover 4 | . 2 2 . Flight . | . . . . Utility 7 | 1 1 . 5 Device 3 | . 1 . 2 Storage 3 | 1 . . 2 Processor . | . . . . Hackware . | . . . . Protection 1 | . . . 1 Artifact . | . . . . Weapon 11 | 2 1 1 7 Energy Gun 3 | 1 1 . 1 Energy Cannon . | . . . . Ballistic Gun 4 | 1 . 1 2 Ballistic Cannon . | . . . . Launcher 2 | . . . 2 Special Weapon 1 | . . . 1 Impact Weapon . | . . . . Slashing Weapon . | . . . . Piercing Weapon . | . . . . Special Melee Weapon 1 | . . . 1 Unidentified Prototypes . | . . . . Parts Lost 19 | . . 1 18 Power 2 | . . . 2 Propulsion 7 | . . 1 6 Utility 3 | . . . 3 Weapon 7 | . . . 7 Highest Loss Streak 11 | . . 1 11 To Critical Strikes . | . . . . Average Backups 6 | 2 7 6 7 Power 1 | . 1 1 1 Propulsion 1 | . 2 2 1 Utility . | . . . 1 Weapon 1 | 1 2 2 1 Tool/Special . | . . . . Unused Backups 2 | . . . 2 Power 1 | . . . 1 Propulsion 1 | . . . 1 Utility . | . . . . Weapon . | . . . . Tool/Special . | . . . . Average Slot Usage (%) 82 | . 88 88 79 Engine 10 | . 14 11 9 Leg 1 | . 8 . . Wheel 4 | . . . 5 Hover 18 | . 18 33 16 Device 9 | . 4 11 10 Storage 13 | . 14 11 13 Protection 2 | . . . 3 Energy Gun 11 | . 23 18 6 Ballistic Gun 7 | . 4 3 9 Launcher 2 | . . . 4 Peak Build Rating 14 | 6 9 11 14 Average Rating 9 | 5 6 10 10 On Entrance 6 | . 6 9 11 Naked Turns . | . . . . Heaviest Build 27 | 11 13 14 27 Greatest Support 26 | 20 20 18 26 Greatest Overweight (x) 7 | 1 1 . 7 Average Overweight (x) . | . . . . Largest Inventory Capacity 10 | 8 8 8 10 Average Capacity 8 | 7 8 8 9 Most Carried 9 | 4 8 7 9 Average Carried 6 | 2 7 6 7 Final Capacity 10 | 8 8 8 10 Final Carried 8 | 4 8 6 3 Class Distribution -------------------- 77% | Mutant 22% | Scavenger-Mutant Dominant Class ---------------- Mutant | -10/Materials Mutant | -9/Materials Mutant | -9/Storage Resources | -11 -10 -9 -9 ----------- Run | Yrd Mat Mat Sto Matter Collected 562 | 227 92 20 223 Remotely . | . . . . Salvage Created 961 | 159 183 56 563 Parts 54 | 12 13 3 26 Haulers Intercepted . | . . . . Recyclers Shooed . | . . . . Parts Field Recycled . | . . . . Retrieved Matter . | . . . . Parts Self-Destructed . | . . . . Prevented . | . . . . Kills | -11 -10 -9 -9 ------- Run | Yrd Mat Mat Sto Combat Hostiles Destroyed 16 | . 4 1 11 Guns 10 | . 4 1 5 AOE 6 | . . . 6 Classes Destroyed 7 | 2 1 1 3 Worker 4 | . . . 4 Builder 1 | . . . 1 Tunneler 4 | 4 . . . Recycler 3 | 1 . . 2 Swarmer 4 | . . . 4 Grunt 8 | . 4 . 4 Sentry 4 | . . 1 3 Best Kill Streak 7 | 4 2 1 7 Combat Bots Only 4 | . 2 1 4 Max Kills in Single Turn 4 | 1 1 1 4 Gunslinging . | . . . . Exploded 4 | . . . 4 Melee . | . . . . Uniques/NPCs Destroyed . | . . . . Combat | -11 -10 -9 -9 -------- Run | Yrd Mat Mat Sto Hostile Shots Fired 143 | . 18 8 117 Missed 40 | . 5 6 29 Hits 103 | . 13 2 88 Projectile 103 | . 13 2 88 Critical Strikes 3 | . . . 3 Damage Taken 1697 | 38 156 16 1487 Core 480 | 19 62 . 399 Absorbed by Shields . | . . . . Core Remaining (%) 79 | 92 67 . . Volleys Fired 69 | 19 10 3 37 Largest 2 | 2 2 2 2 Hottest 100 | 60 90 90 100 Shots Fired 124 | 38 20 6 60 Gun 116 | 38 20 6 52 Cannon . | . . . . Launcher 7 | . . . 7 Special 1 | . . . 1 Kinetic 42 | 19 . . 23 Thermal 43 | . 10 3 30 Explosive 7 | . . . 7 Electromagnetic 32 | 19 10 3 . Robot Hit Streak 13 | 9 13 3 11 Robot Miss Streak 3 | 3 2 2 2 Penetration Max . | . . . . Secondary Targets 2 | . 2 . . Max Gunslinging Chain 1 | . 1 . . Shots Hit Robots 86 | 25 15 4 42 Core Hits 45 | 9 8 2 26 Critical Kills . | . . . . Critical Parts Destroyed . | . . . . Critical Strikes 1 | . 1 . . Burn 1 | . 1 . . Melee Attacks . | . . . . Impact . | . . . . Slashing . | . . . . Piercing . | . . . . Sneak Attacks . | . . . . Combat Hostiles . | . . . . Follow-up Attacks . | . . . . Damage Inflicted 1474 | 299 191 47 937 Guns 1031 | 264 191 47 529 Cannons . | . . . . Explosions 438 | 35 . . 403 Melee . | . . . . Ramming 5 | . . . 5 Kinetic 303 | 100 . . 203 Thermal 472 | 35 87 24 326 Explosive 403 | . . . 403 Electromagnetic 291 | 164 104 23 . Impact . | . . . . Slashing . | . . . . Piercing . | . . . . Highest Corruption 14 | . . . 14 Average Corruption 7 | . . . 7 Corruption Purged . | . . . . Corruption Blocked . | . . . . Effects 2 | . . . 2 Data Loss (major) 2 | . . . 2 Overload Shots . | . . . . Overflow Damage 2 | 2 . . . Projectiles . | . . . . Explosions 2 | 2 . . . Melee . | . . . . Knockbacks . | . . . . Impact . | . . . . Kinetic . | . . . . Secondary . | . . . . Self-Inflicted Damage 54 | 38 . . 16 Shots 2 | 1 . . 1 Rammed 1 | . . . 1 Targets Rammed 1 | . . . 1 Kicked . | . . . . Crushed . | . . . . Highest Temperature 231 | 60 231 . 156 Average Temperature 47 | 27 74 . 49 Received Heat Transfer 576 | . 87 . 489 Siege Activations . | . . . . Martial Activations . | . . . . Shielding Activations . | . . . . Robots Disrupted . | . . . . Combat Hostiles . | . . . . Robots Corrupted . | . . . . Combat Hostiles . | . . . . Parts Fried . | . . . . Impact Corruptions . | . . . . Robots Melted . | . . . . Combat Hostiles . | . . . . Parts Melted 2 | . . . 2 Heat Transferred 1308 | 50 333 74 851 Parts Sabotaged . | . . . . Parts Stolen . | . . . . Parts Stripped . | . . . . Power Chain Reactions 1 | 1 . . . Alert | -11 -10 -9 -9 ------- Run | Yrd Mat Mat Sto Maximum Alert Level 1 | . . . 1 Low Security (%) 99 | 100 100 100 99 Level 1 . | . . . . Level 2 . | . . . . Level 3 . | . . . . Level 4 . | . . . . Level 5 . | . . . . High Security . | . . . . Max Security . | . . . . Peak Influence 218 | 10 80 49 218 Initial 29 | . . 29 11 Average 69 | 1 21 29 114 Influence Increases 712 | 25 116 30 541 Destroy 0b10 Robot/C 320 | . 80 20 220 Destroy 0b10 Robot/NC 60 | 25 . . 35 Destroy Leader 90 | . 20 10 60 Successful Hack 23 | . 16 . 7 Disable Machine 15 | . . . 15 Destroy Structure 39 | . . . 39 Lose Combat Pursuer 165 | . . . 165 Influence Decreases 561 | 25 46 71 419 Entered New Map 59 | . . 41 18 Time Decay 312 | 25 46 20 221 Lost Part 190 | . . 10 180 Squads Dispatched 7 | . 1 . 6 Investigation 1 | . . . 1 Extermination . | . . . . Reinforcement 3 | . 1 . 2 Assault . | . . . . Garrison 3 | . . . 3 Intercept . | . . . . Searches Triggered . | . . . . Construction Impeded . | . . . . Haulers Reinforced . | . . . . Active Scanning Responses . | . . . . Cargo Convoy Interrupts . | . . . . Stealth | -11 -10 -9 -9 --------- Run | Yrd Mat Mat Sto Distress Signals 2 | . . 1 1 Communications Jammed . | . . . . Distress Signals . | . . . . Times Spotted 39 | . 7 4 28 Peak Tracking Total 11 | . 4 7 11 Tactical Retreats 4 | . . . 4 Traps | -11 -10 -9 -9 ------- Run | Yrd Mat Mat Sto Traps Triggered 2 | . . . 2 Indirectly . | . . . . Trap Hack Attempts . | . . . . Triggered . | . . . . Disarmed . | . . . . Reprogrammed . | . . . . Reused . | . . . . Traps Extracted . | . . . . Installed . | . . . . Triggered . | . . . . Machines | -11 -10 -9 -9 ---------- Run | Yrd Mat Mat Sto Machines Disabled 1 | . . . 1 Max in Single Turn 1 | . . . 1 Machines Repaired . | . . . . Machines Dismantled . | . . . . Machines Sabotaged . | . . . . Overloaded Fab Kills . | . . . . Hacking | -11 -10 -9 -9 --------- Run | Yrd Mat Mat Sto Machines Accessed 4 | . 1 1 2 Terminals 2 | . 1 . 1 Fabricators . | . . . . Repair Stations . | . . . . Recycling Units 2 | . . 1 1 Scanalyzers . | . . . . Garrison Access . | . . . . Total Hacks 13 | . 5 2 6 Successful 6 | . 3 1 2 Failed 7 | . 2 1 4 Catastrophic 2 | . . . 2 Database Lockouts . | . . . . Manual 3 | . 1 . 2 Terminals 8 | . 5 . 3 Fabricators . | . . . . Repair Stations . | . . . . Recycling Units 5 | . . 2 3 Scanalyzers . | . . . . Garrison Access . | . . . . Terminal Hacks 5 | . 3 . 2 Part Schematic 1 | . . . 1 Level Access Points 1 | . 1 . . Alert Level 1 | . . . 1 Registered Components 1 | . 1 . . Zone Layout 1 | . 1 . . Fabricator Hacks . | . . . . Repair Station Hacks . | . . . . Recycling Unit Hacks 1 | . . 1 . Retrieve Components 1 | . . 1 . Scanalyzer . | . . . . Garrison Access Hacks . | . . . . Unauthorized Hacks . | . . . . Terminals . | . . . . Fabricators . | . . . . Repair Stations . | . . . . Recycling Units . | . . . . Scanalyzers . | . . . . Garrison Access . | . . . . Data Cores Recovered . | . . . . Used . | . . . . Hacking Detections 4 | . 1 1 2 Full Trace Events 1 | . . . 1 Feedback Events . | . . . . Feedback Blocked . | . . . . Robot Schematics Acquired . | . . . . Robots Built . | . . . . Authchips . | . . . . Time . | . . . . Total Robot Build Rating . | . . . . Part Schematics Acquired 1 | . . . 1 Parts Built . | . . . . Authchips . | . . . . Time . | . . . . Total Part Build Rating . | . . . . Parts Repaired . | . . . . Time . | . . . . Parts Recycled . | . . . . Recycled Matter . | . . . . Retrieved Matter . | . . . . Retrieved Components 1 | . . 1 . Parts Scanalyzed . | . . . . Part Schematics Acquired . | . . . . Parts Damaged . | . . . . Bothacking | -11 -10 -9 -9 ------------ Run | Yrd Mat Mat Sto Used RIF Installer . | . . . . Robots Hacked . | . . . . Non-combat . | . . . . Combat . | . . . . Robot Hacks Applied . | . . . . Relay Couplers Released . | . . . . Fabnet Peak Effective % . | . . . . Robots Rewired . | . . . . Allies Hacked . | . . . . Hacks Repelled . | . . . . Allies | -11 -10 -9 -9 -------- Run | Yrd Mat Mat Sto Total Allies . | . . . . Largest Group . | . . . . Highest-Rated Group . | . . . . Highest-Rated Ally . | . . . . Total Orders . | . . . . Ally Attacks . | . . . . Total Damage . | . . . . Kills . | . . . . Allies Corrupted . | . . . . Allies Melted . | . . . . Intel | -11 -10 -9 -9 ------- Run | Yrd Mat Mat Sto Active Infowar (turns) 2 | . . . 2 ECM 2 | . . . 2 Robot Analysis Total . | . . . . Derelict Logs Recovered . | . . . . Drone Launches . | . . . . Drone Recoveries . | . . . . Exploration | -11 -10 -9 -9 ------------- Run | Yrd Mat Mat Sto Turns Passed 887 | 175 162 59 491 Spaces Moved 663 | 91 130 76 366 Core 12 | 5 . . 7 Treads . | . . . . Legs 113 | 86 27 . . Wheels 121 | . . . 121 Hover 417 | . 103 76 238 Flight . | . . . . Fastest Speed 50 | 50 56 52 52 Average Speed 90 | 120 88 52 91 Slowest Speed 400 | 190 190 52 400 Overloaded Moves . | . . . . Propulsion Burnouts . | . . . . Robots Hopped . | . . . . Potential Cave-ins . | . . . . Cave-ins Triggered 1 | . . . 1 Exploration Rate (%) 23 | 5 22 9 58 Regions Visited 3 Branch Regions 1 Pre-discovered Areas . | . . . . Known Exits Taken 1 | . 1 . . Unknown Exits Taken 2 | 1 . 1 . Scrap Searched . | . . . . Spaces Dug 1 | . . . 1 Terrain Destroyed 41 | 2 . . 39 Melee . | . . . . Projectile 1 | . . . 1 AOE 40 | 2 . . 38 Terrain Rammed . | . . . . Walls Destroyed . | . . . . Machines Disabled . | . . . . Actions | -11 -10 -9 -9 --------- Run | Yrd Mat Mat Sto Total 820 | 119 157 88 456 Wait 37 | . 6 6 25 Move 660 | 90 129 75 366 Hop . | . . . . Pick Up 14 | 4 5 . 5 Fast Attach 16 | 6 3 1 6 Attach 11 | . . 2 9 Detach . | . . . . Swap 6 | . 1 . 5 Drop 6 | . 3 1 2 Fire 69 | 19 10 3 37 Melee . | . . . . Ram 1 | . . . 1 Kick . | . . . . Crush . | . . . . Escape Stasis . | . . . . Rewire . | . . . . Trap . | . . . . Miscellaneous . | . . . . Route ------- -11/Scrapyard -10/Materials (discovered 3 exits: *Mat x3) -9/Materials -9/Storage History --------- Turn | Location | Event 24 | -11/Scrapyard | Discovered new exit (range 16) 176 | -11/Scrapyard | Entered Materials 245 | -10/Materials | Identified exit to Materials 308 | -10/Materials | Build established: Mutant 338 | -10/Materials | Entered another Materials area 338 | -9/Materials | Evolved 2 slots: Propulsion x1, Utility x1 360 | -9/Materials | Discovered new exit (range 4) 397 | -9/Materials | Entered Storage 624 | -9/Storage | Garrison activated, responded to threat 674 | -9/Storage | Lost 6 parts (1p3n1u1w) 844 | -9/Storage | Crushed by falling debris 844 | -9/Storage | System corruption reached 10% 863 | -9/Storage | Core integrity fell below 50% 872 | -9/Storage | Core integrity fell below 20% 888 | -9/Storage | Self-destructed Last Messages --------------- System corrupted by crushing effect (+4). ALERT: Hostiles spotted, dispatching reinforcements to Terminal S009. R-06 Scavenger collects Lgt. Treads. Acquired Lgt. Assault Rifle. Acquired Mni. Grenade Launcher. R-06 Scavenger collects Heat Sink. Datajack destroyed. R-06 Scavenger destroyed. U-05 Engineer destroyed. Com. Wheel destroyed. G-34 Mercenary destroyed. Imp. Heat Sink destroyed. System corrupted: Substantial component data lost. Mni. Grenade Launcher destroyed. The unstable cave ceiling collapses. Mining Laser destroyed. The unstable cave ceiling collapses. Critical hit (Burn: +37). Map ----- +----------------------------------------------------+ | #????????????????????????????????? | | #????????????????????????????????? | | #+# #????????????????????????????????? | | # #????????????????????????????????? | | # #????????????????????????????????? | | # ######## ##??????????????????????? | | # #??????????????????????? | | + ????????????????????? | | % # """ #??########????????????? | | # """ "T" #??# #?????? #????? | | # """ #??# #????? #????? | | # """ #??# #???? #????? | | ### ^ #### #??? #????? | | ??# ""## #### #????? | | ??# """ """ T"## + ###??? | | ??# """ """ ""# # #??? | | ?## %""" """ ### # #??? | | ?## ## #??? | | ?## % ## # ! ###+##+#????? | | ### % ## # # #???????????? | | ## # #???????????? | | ####+#### ## Y #??????#????? | | ?? ?# ## # !#???? #????? | | ?# ! # ## ## #??"" #????? | | ?#"" # ## ## # ???????? | | ##"T / ## ## gg @;#??????????? | | "#"" ! ##### # ###g#####??????????? | | "# #???# ???????? | | "### ####???#### ### ###????????????? | | ##??##?????????#####?# #??????????????? | | ?????????????????????# #??????????????? | | ?????????????????????# #??????????????? | | ?????????????????????# #??????????????? | | ?????????????????????? ???????????????? | | ?????????????????????? ???????????????? | | ?????????????????????? ???????????????? | | ??????????????????????#???????????????? | | ??????????????????????????????????????? | | ??????????????????????????????????????? | | ??????????????????????????????????????? | | ??????????????????????????????????????? | | ??????????????????????????????????????? | | ??????????????????????????????????????? | | ??????????????????????????????????????? | | ??????????????????????????????????????? | | ??????????????????????????????????????? | | ??????????????????????????????????????? | | ??????????????????????????????????????? | | ??????????????????????????????????????? | | ??????????????????????????????????????? | +----------------------------------------------------+ Best States ------------- Heat Dissipation 42 Energy Generation 12 Energy Capacity 265 Matter Stores 380 Matter Capacity 400 Sight Range 16 Terrain Scan Density 10 Armor Coverage 225 Evasion (%) 55 Item Schematics ----------------- Hover Unit | -9/Storage | Hacked Robot Schematics ------------------ None Fabricated ------------ Nothing Repaired ---------- Nothing Alien Tech Used ----------------- None Achievements -------------- None Challenges ------------ None Game ------ Seed ScanUtilityCore Manual? 0 Play Time 00:26:02 Cumulative 8.2 hours Start 2025.06.06 @ 17:22:26 End 2025.06.06 @ 18:27:22 Sessions 1 Manual Loads 0 Difficulty Rogue Special Mode None Game No. 21 Rogue 21 Adventurer 0 Explorer 0 Win Type - Total 0 Types 0/0/0/0/0/0/0/0/0/0 Lore% 2 Gallery% 11 Achievement% 10 Wizard Run 0 Options --------- Layout 1 ASCII 0 Keyboard 0 Movement Arrows Keybinds 0 Fullscreen 1 Font 24/Smallcaps Map View 50x35 Zoom Use 0% Tactical HUD 0 Map Filters NONE Filters NONE Steam 1 RUN: 1c5f602a-e215-4d25-9dea-7499dddc4b34